AoeStats
← 西装老头

Arabia

510491720Analyzed
4v4 RM · 19h ago on Oct 1, 2026· 32m 45s· 8 players
Game mode
Random Map
Map size
Large (8 player)
Population
200
Speed
Normal
Resources
Standard
Victory
Conquest
Starting age
Dark Age
Ending age
Imperial Age
RankedLock teamsTeams togetherTeam positionsShared explorationLock speedFull tech treeHidden civsTurbo modeCheats
Victory
Defeat
🇺🇸 Persians · United States
1086
+11
🇧🇪 Vietnamese · Belgium
1067
+12
🇳🇿 Franks · New Zealand
872
+20
🇨🇳 Maya · China
870
+20
🇨🇳 Burgundians · China
1004
-17
995
-17
🇳🇴 Ethiopians · Norway
982
-16
🇨🇳 Khmer · China
909
-13
就墨子
8:00 Loom
10:26 Feudal Age
18:10 Castle Age
17:48 Gold Mining
19:14 Wheelbarrow
18:52 Husbandry
18:16 Cavalier
19:45 Gold Shaft Mining
20:53 Scale Barding Armor
22:28 Forging
28:36 Chain Barding Armor
31:05 Horse Collar
kris10an
11:04 Feudal Age
15:33 Castle Age
西装老头
0:29 Loom
11:28 Feudal Age
20:49 Castle Age
26:10 Horse Collar
34:41 Imperial Age
only sit in the middle只会中
12:47 Feudal Age
17:18 Castle Age
20:17 Double-Bit Axe
20:19 Loom
21:56 Horse Collar
ask
5:00 Loom
11:08 Feudal Age
11:51 Double-Bit Axe
11:48 Horse Collar
19:33 Castle Age
18:02 Gold Mining
20:02 Scale Barding Armor
20:07 Forging
20:09 Bow Saw
23:42 Town Watch
32:26 Chain Barding Armor
32:41 Iron Casting
Hymoteptep
5:07 Loom
9:34 Feudal Age
10:03 Double-Bit Axe
14:57 Town Watch
15:28 Fletching
16:56 Horse Collar
18:35 Padded Archer Armor
19:11 Gold Mining
24:53 Castle Age
23:45 Forging
25:08 Pikeman
25:54 Bodkin Arrow
26:03 Stone Mining
25:42 Crossbowman
26:13 Pikeman
LooneyNZ
6:52 Loom
9:18 Feudal Age
11:05 Wheelbarrow
10:17 Double-Bit Axe
21:56 Castle Age
24:21 Gold Mining
25:39 Hand Cart
25:04 Pikeman
26:06 Stone Mining
27:38 Bow Saw
27:19 Gold Mining
35:03 Imperial Age
Will Troll If Not Arena
0:48 Loom
8:11 Loom
10:33 Feudal Age
12:10 Double-Bit Axe
14:57 Castle Age
12:53 Horse Collar
16:11 Bow Saw
16:53 Town Watch
17:55 Wheelbarrow
21:21 Gold Mining
21:30 Stone Mining
22:38 Hand Cart
24:08 Heavy Plow
28:25 Imperial Age
25:21 Eagle Warrior
26:01 Squires
25:47 Arson
26:29 Scale Mail Armor
26:40 Forging
29:26 Guilds
29:14 Elite Eagle Warrior
31:10 Two-Man Saw
30:58 Hul'che Javelineers
31:20 Conscription
30:39 Pikeman
32:13 Holcans
33:26 Chain Mail Armor
33:54 Iron Casting
Connection lost

Rejoining the realm…

Still unreachable

The connection could not be restored.

Session expired

The server has moved on; the page needs a fresh start.